 Dungeon Crawl Stone Soup version 0.28-a0-537-g3bccd9ccbf (webtiles) character file.

Game seed: 12194700790208701244

5364 robertstho the Thaumaturge (level 10, -5/69 HPs)
             Began as a Djinni Fire Elementalist on Sept 27, 2021.
             Was an Initiate of Gozag.
             Shot with a sling bullet by Joseph (17 damage)
             ... on level 8 of the Dungeon.
             The game lasted 00:13:55 (9853 turns).

robertstho the Thaumaturge (DjFE)                   Turns: 9853, Time: 00:13:56

Health: -5/69      AC: 11    Str: 11    XL:     10   Next: 97%
Gold:   995        EV: 10    Int: 24    God:    Gozag SH:  8 Dex: 18

rFire   + + .      SeeInvis .   e - +0 dagger
rCold   x . .      Faith    .   D - +0 kite shield
rNeg    . . .      Spirit   .   k - +4 robe of Augmentation {Str+4 Int+4 Dex+4}
rPois   ∞          Reflect  .   n - +0 helmet
rElec   .          Harm     .   B - +1 cloak {Will+}
rCorr   +          Rampage  .   a - +1 pair of gloves {Stlth+}
Will    ++...                   (boots unavailable)
Stlth   ++++......              (no amulet)
HPRegen 0.21/turn               v - ring of resist corrosion
MPRegen 0.00/turn               (no ring)

@: gold aura, flying
A: sickness immunity, fire resistance 2, cold vulnerability 1, float, innate
caster, hp casting, extra vitality 1
a: Renounce Religion, Potion Petition, Call Merchant, Bribe Branch


You were on level 8 of the Dungeon.
You worshipped Gozag.
Gozag was pleased with you.
You visited 2 branches of the dungeon, and saw 9 of its levels.
You also visited: Bailey.

You collected 1426 gold pieces.
You spent 290 gold pieces at shops.
You paid 141 gold pieces to Gozag.

Inventory:

Hand Weapons
 e - a +0 dagger (weapon)
Armour
 a - a +1 pair of gloves of stealth (worn)
 k - the +4 robe of Augmentation (worn) {Str+4 Int+4 Dex+4}
   (You found it on level 4 of the Dungeon)

   Str:       It affects your strength (+4).
   Int:       It affects your intelligence (+4).
   Dex:       It affects your dexterity (+4).
 n - a +0 helmet (worn)
 B - a +1 cloak of willpower (worn)
 C - the +1 robe "Tefrett" {rC++ rN+}
   (You bought it in a shop on level 6 of the Dungeon)

   rC:        It greatly protects you from cold.
   rN:        It protects you from negative energy.
 D - a +0 kite shield (worn)
Jewellery
 i - a ring of ice
 v - a ring of resist corrosion (left hand)
 w - a ring of willpower
Wands
 l - a wand of flame (13)
 s - a wand of digging (6)
Scrolls
 c - a scroll of holy word {unknown}
 d - a scroll of teleportation
 j - a scroll of vulnerability {unknown}
 r - 3 scrolls of enchant weapon {unknown}
 t - a scroll of magic mapping {unknown}
 u - a scroll of amnesia {unknown}
 x - a scroll of fog
 y - a scroll of blinking
 E - a scroll of identify
Potions
 b - 3 potions of magic
 f - 2 potions of cancellation {unknown}
 g - a potion of lignification {unknown}
 h - a potion of ambrosia {unknown}
 m - 2 potions of degeneration {unknown}
 o - 2 potions of brilliance {unknown}
 p - a potion of heal wounds {unknown}
 q - a potion of curing {unknown}
 z - a potion of invisibility {unknown}
 A - a potion of attraction {unknown}


   Skills:
 * Level 4.4 Fighting
 + Level 0.1 Short Blades
 + Level 3.0 Dodging
 + Level 4.0 Stealth
 * Level 11.1 Spellcasting


You had 8 spell levels left.
You knew the following spells:

 Your Spells              Type           Power      Damage    Failure   Level
a - Foxfire               Conj/Fire      100%       2x1d9     1%          1
b - Scorch                Fire           100%       2d10      1%          2
c - Conjure Flame         Conj/Fire      61%        6-21      1%          3
d - Inner Flame           Hex/Fire       61%        N/A       1%          3
e - Flame Wave            Conj/Fire      61%        3d11      3%          4
f - Apportation           Tloc           100%       N/A       1%          1
g - Wereblood             Tmut           61%        N/A       1%          2
h - Call Canine Familiar  Summ           61%        N/A       1%          3
i - Summon Lightning Spi  Summ/Air       61%        N/A       3%          4
Your spell library was empty.

Dungeon Overview and Level Annotations

Branches:
Dungeon (8/15)             Temple (1/1) D:6          Bailey (visited)
   Lair: D:8-11

Altars:
Ashenzari
Cheibriados
Dithmenos
Elyvilon
Fedhas
Gozag
Hepliaklqana
Kikubaaqudgha
Makhleb
Nemelex Xobeh
Okawaru
Qazlal
Ru
Sif Muna
Trog
Vehumet
Wu Jian
Xom
Yredelemnul
Zin

Shops:
D:6 [[

Annotations:
D:3 2 transporters, AttackTheMoon's ghost, amateur OgWn
D:6 3 runed translucent doors, Midn8's ghost, novice DsBr
D:8 Joseph


Innate Abilities, Weirdness & Mutations

You are immune to sickness and miasma.
You are immune to poison.
Your flesh is very heat resistant. (rF++)
You are vulnerable to cold. (rC-)
You float through the air rather than walking.
You learn spells naturally, not from books.
Your magical power is your life essence.
You have superior vitality. (+4 HP)


Message History

Confirm with . or Enter, or press ? or * to list all spells.
Flames lash the wight.
The wight is burned terribly!
You destroy the wight!
The wight is no longer distracted by gold. x2
The wight is distracted by your dazzling golden aura.
Your lightning spire shoots out a bolt of lightning at Joseph!
The bolt of electricity hits Joseph!
Casting: Scorch (safe; 1% risk of failure)
Confirm with . or Enter, or press ? or * to list all spells.
Flames lash the wight.
The wight is heavily damaged.
The wight's fire resistance burns away.
Unknown command.
Casting: Scorch (safe; 1% risk of failure)
Confirm with . or Enter, or press ? or * to list all spells.
Flames lash Joseph.
Joseph is almost dead.
Joseph's fire resistance burns away.
The wight is no longer more vulnerable to fire.
The wight is no longer distracted by gold.
Joseph shoots a sling bullet.
The sling bullet hits your lightning spire.
You block the wight's attack.
Casting: Scorch (safe; 1% risk of failure)
Confirm with . or Enter, or press ? or * to list all spells.
Flames lash the wight.
The wight is almost destroyed.
The wight's fire resistance burns away.
Joseph shoots a sling bullet.
The sling bullet hits your lightning spire!
You block the wight's attack.
The wight hits you with a +3 short sword of freezing.
* * * LOW HITPOINT WARNING * * *
The wight freezes you.
* * * LOW HITPOINT WARNING * * *
Unknown command.
Okay, then.
The wight is no longer more vulnerable to fire.
Joseph shoots a sling bullet.
The sling bullet hits you!
You die...
Your body crumbles into a pile of gold.

#### ## ####..<. .#
.......###.##+#.
................
............... ..
...$.@8...... ..###
#.....z....
.....#+#..z...#
........@.z$..#
#......####..#
###....# #..# #....#
#..#
###....####..#.#+####
+...........>#......#
######<####..#......#
#.# ##.#......# # #.#
#.#......#


You could see Joseph (combustible, ally target), 3 wights and a friendly
lightning spire (summoned).

Vanquished Creatures
  A moth of wrath (D:4)
  Sigmund (D:2)
  A shadow (D:8)
  Eustachio (D:4)
  Menkaure (D:7)
  A water moccasin (D:7)
  8 orc warriors
  A black bear (D:6)
  11 necrophages
  A centaur (D:8)
  An ogre (D:6)
  A phantom (D:7)
  A bullfrog (D:8)
  A wyvern zombie (D:7)
  2 scorpions
  A water moccasin zombie (D:6)
  3 wights
  A killer bee (D:7)
  3 howler monkeys
  3 centaur zombies
  A hound (D:4)
  A human zombie (D:4)
  A bullfrog zombie (D:4)
  2 centaur skeletons (D:7)
  An orc priest (D:3)
  3 jellies
  4 orc wizards
  A scorpion zombie (D:4)
  Terence (D:2)
  A hound zombie (D:4)
  2 mummies
  A howler monkey zombie (D:4)
  2 adders
  A shadow imp (D:7)
  A white imp (D:5)
  An ufetubus (D:7)
  An adder zombie (D:4)
  3 worms
  4 dart slugs
  8 orcs
  8 endoplasms
  6 giant cockroaches
  12 goblins
  11 hobgoblins
  4 jackals (D:2)
  3 quokkas
  9 ball pythons
  8 bats
  2 frilled lizards
  23 kobolds
  10 rats
180 creatures vanquished.

Vanquished Creatures (collateral kills)
  An orc knight (Bailey)
  An orc warrior (Bailey)
  A necrophage (D:7)
  5 killer bees (D:7)
  2 wights
  A centaur zombie (D:6)
  A jelly (D:6)
  An iguana (D:7)
  A howler monkey zombie (D:7)
  4 orcs
  A kobold (Bailey)
19 creatures vanquished.

Vanquished Creatures (others)
  609 foxfires
  A fungus (D:5)
  13 plants (D:6)
  4 toadstools (D:5)
  2 withered plants (D:7)
629 creatures vanquished.

Grand Total: 828 creatures vanquished

Notes
Turn   | Place    | Note
-------+----------+-------------------------------------------
     0 | D:1      | robertstho the Djinni Fire Elementalist began the quest for
                  | the Orb.
     0 | D:1      | Reached XP level 1. HP: 15/15 MP: 0/0
   316 | D:1      | Reached XP level 2. HP: 20/22 MP: 0/0
   497 | D:1      | Reached skill level 3 in Spellcasting
   673 | D:1      | Reached XP level 3. HP: 23/26 MP: 0/0
   673 | D:1      | Learned a level 1 spell: Apportation
  2057 | D:2      | Reached XP level 4. HP: 27/31 MP: 0/0
  2095 | D:2      | Noticed Terence
  2104 | D:2      | Killed Terence
  2250 | D:2      | You are sucked into a shaft and drop 2 floors!
  2281 | D:4      | Reached skill level 1 in Fighting
  2281 | D:4      | Reached skill level 4 in Spellcasting
  2281 | D:4      | Reached XP level 5. HP: 25/37 MP: 0/0
  2281 | D:4      | Learned a level 2 spell: Wereblood
  2580 | D:4      | Noticed a necrophage
  2584 | D:4      | Killed a necrophage
  2585 | D:4      | Reached XP level 6. HP: 28/42 MP: 0/0
  2767 | D:4      | Reached skill level 5 in Spellcasting
  2805 | D:4      | Found the +4 robe of Augmentation {Str+4 Int+4 Dex+4}
  2805 | D:4      | Noticed a necrophage
  2808 | D:4      | Killed a necrophage
  2809 | D:4      | Reached XP level 7. HP: 40/48 MP: 0/0
  2809 | D:4      | Learned a level 3 spell: Call Canine Familiar
  3345 | D:3      | Found a transporter.
  3351 | D:3      | Noticed AttackTheMoon's ghost (amateur OgWn)
  3369 | D:3      | Found a faded altar of an unknown god.
  3914 | D:3      | Found a transporter.
  3918 | D:3      | Found a hazy altar of Hepliaklqana.
  4026 | D:3      | Found a burning altar of Makhleb.
  4026 | D:3      | Noticed a blizzard demon
  4029 | D:3      | Noticed an orange demon
  4029 | D:3      | Noticed an orange demon
  4866 | D:2      | Noticed Sigmund
  4874 | D:2      | Killed Sigmund
  4875 | D:2      | Reached skill level 6 in Spellcasting
  4875 | D:2      | Reached XP level 8. HP: 46/54 MP: 0/0
  5295 | D:4      | Noticed a moth of wrath
  5302 | D:4      | Found a bloodstained altar of Trog.
  5317 | D:4      | Killed a moth of wrath
  5318 | D:4      | Reached skill level 7 in Spellcasting
  5605 | D:4      | Noticed Eustachio
  5615 | D:4      | Killed Eustachio
  6066 | D:5      | Entered Level 5 of the Dungeon
  6080 | D:5      | Found a basalt altar of Yredelemnul.
  6625 | D:6      | Found Heucuel's Antique Armour Shoppe.
  6632 | D:6      | Reached XP level 9. HP: 52/60 MP: 0/0
  6632 | D:6      | Learned a level 4 spell: Summon Lightning Spire
  6768 | D:6      | Found a runed translucent gate.
  6770 | D:6      | Found a runed translucent gate.
  6770 | D:6      | Noticed Midn8's ghost (novice DsBr)
  6771 | D:6      | Found a runed translucent gate.
  6787 | D:6      | Reached skill level 8 in Spellcasting
  6877 | D:6      | Found a staircase to the Ecumenical Temple.
  6893 | Temple   | Entered the Ecumenical Temple
  6963 | Temple   | Became a worshipper of Gozag Ym Sagoz the Greedy
  7322 | D:6      | Found Kaazant's Antique Armour Shop.
  7325 | D:6      | Bought a glowing cloak for 165 gold pieces
  7325 | D:6      | Bought a sheer robe for 125 gold pieces
  7325 | D:6      | Identified the +1 robe "Tefrett" {rC++ rN+} (You bought it
                  | in a shop on level 6 of the Dungeon)
  7439 | D:7      | Noticed Menkaure
  7442 | D:7      | Killed Menkaure
  7601 | D:7      | Found a flagged portal.
  7615 | Bailey   | Entered a bailey
  7705 | Bailey   | Reached skill level 9 in Spellcasting
  7935 | Bailey   | Identified the +1 plate armour "Yttih" {rN+ Int+3}
  7936 | Bailey   | Noticed an orc knight
  7938 | Bailey   | Identified the +0 plate armour of Omission {Harm Fly rF-
                  | Str+4}
  7947 | Bailey   | Killed an orc knight
  7948 | Bailey   | Reached XP level 10. HP: 20/67 MP: 0/0
  7972 | Bailey   | Reached skill level 10 in Spellcasting
  9612 | D:7      | Found a glowing silver altar of Zin.
  9704 | D:8      | Reached skill level 11 in Spellcasting
  9838 | D:8      | Noticed Joseph
  9853 | D:8      | Shot with a sling bullet by Joseph

Illustrated notes

Levels and vault maps discovered:
D:1:      dpeg_arrival_orchard, layout_basic, minmay_box_of_dots
D:2:      layout_loops_corners, minmay_split_cup_large, uniq_sigmund,
          uniq_terence
D:3:      layout_basic, makhleb_altar_promises_db,
          chequers_temple_overflow_statue_of_worship, gammafunk_ghost_arena,
          dreamdust_ecumenical_altar_statues
D:4:      layout_loops_cross, lemuel_mausoleum_altar_kikubaaqudgha, tgw_trog,
          uniq_eustachio
D:5:      layout_rooms, mainiacjoe_overflow_surrounded_room,
          kennysheep_crisscross, minmay_gold_behind_fungi, minmay_fountain_box
D:6:      layout_cave_pools, minmay_temple_entry_glassed_door, serial_shops,
          kennysheep_mini_moat, nicolae_square_shop, gammafunk_ghost_split,
          serial_column_ruins, column_ruins_hut_water, column_ruins_hut_ruined,
          column_ruins_grid_1, column_ruins_grid_2, column_ruins_open_tiny,
          column_ruins_open_medium_water, serial_bayou_lagoon_a,
          serial_bayou_pond_e, due_unseen_surprise
D:7:      layout_rooms, zin_scriptorium, enter_bailey_6, serial_undead,
          serial_undead_f, serial_undead_c, serial_undead_c, serial_undead_f,
          abandoned_shop, uniq_menkaure
D:8:      layout_basic, mainiacjoe_overflow_cross_hatched,
          nicolae_tso_swordbearing_angel, uniq_joseph, uniq_harold
Temple:   nicolae_temple_god_jail

Skill      XL: |  1  2  3  4  5  6  7  8  9 10 |
---------------+-------------------------------+-----
Spellcasting   | 3 4 5 6 7 9 11 | 11.1
Fighting       | 1 2 3 4 |  4.4
Stealth        | 2 3 4 |  4.0
Dodging        | 3 |  3.0
Short Blades   | |  0.1

Action                   |  1- 3 |  4- 6 |  7- 9 | 10-12 || total
-------------------------+-------+-------+-------+-------++-------
Melee: Unarmed           |     2 |       |       |       ||     2
       Dagger            |       |       |     9 |       ||     9
 Cast: Foxfire           |   108 |    12 |   212 |    46 ||   378
       Scorch            |       |    27 |    70 |    58 ||   155
       Flame Wave        |       |       |     3 |     2 ||     5
       Summon Lightning  |       |       |     1 |     7 ||     8
       Call Canine Famil |       |       |     1 |       ||     1
  Use: Scroll            |       |       |     3 |     3 ||     6
 Stab: Sleeping          |       |       |     1 |       ||     1
Armor: Robe              |     6 |     9 |    16 |     4 ||    35
Dodge: Dodged            |    18 |    12 |    39 |    15 ||    84
Block: Kite shield       |       |       |       |     6 ||     6

Table legend: (Time is in decaauts)
 A = Elapsed time spent in this place.
 B = Non-inter-level travel time spent in this place.
 C = Inter-level travel time spent in this place.
 D = Time resting spent in this place.
 E = Time spent auto-exploring this place.
 F = Levels seen in this place.
 G = Mean time per level.
                   A        B        C        D        E       F      G
               +--------+--------+--------+--------+--------+-----+--------+
         Total |   9854 |   9553 |    301 |    576 |   7511 |  10 |  985.4 |
       Dungeon |   8967 |   8683 |    284 |    360 |   7203 |   8 | 1120.9 |
        Temple |     87 |     70 |     17 |      0 |     33 |   1 |   87.0 |
        Bailey |    798 |    798 |      0 |    216 |    275 |   1 |  798.0 |
               +--------+--------+--------+--------+--------+-----+--------+

Top non-repeatable levels by time:
     D:1: 1907 daAuts
     D:4: 1832 daAuts
     D:2: 1236 daAuts
     D:3: 1090 daAuts
     D:7: 1089 daAuts
     D:6: 1043 daAuts
  Bailey: 798 daAuts
     D:5: 561 daAuts
     D:8: 207 daAuts
  Temple: 87 daAuts
